Map: Aura de mort EC

Players

Nazhold - Winner!

  • Race: Terran Terran
  • Spawn Location: 5:00

IA (moyenne)

  • Race: Zerg Zerg
  • Spawn Location: 11:00

VOD

Have the link to the VOD?

Description

Time

  • Played on: Aug. 27, 2020, 6:16 a.m.
  • Length: 7:10
Show
View Real Time Build Order
Export as new Build Order

Nazhold Terran - Winner!

Build Orders:  

Get SALT Encoding   

  12  0:00  SCV  
  13  0:12  SCV  
  14  0:16  Supply Depot  
  14  0:24  SCV  
  15  0:38  SCV  
  15  0:39  Barracks  
  16  0:44  Refinery  
  16  0:50  SCV  
  17  1:02  SCV  
  18  1:14  SCV  
  19  1:26  Marine  
  19  1:27  Orbital Command  
  20  1:40  Command Center  
  20  1:46  Marine  
  21  1:53  SCV  
  22  1:58  Barracks  
  22  2:07  Supply Depot, Barracks Tech Lab  
  22  2:10  SCV  
  23  2:17  Engineering Bay  
  23  2:26  Refinery  
  23  2:28  SCV  
  24  2:30  Stimpack  
  24  2:34  Marine  
  25  2:45  Barracks Reactor  
  25  2:48  Terran Infantry Weapons Level 1  
  25  2:53  Marine  
  25  2:58  SCV x2  
  28  3:10  SCV x2  
  28  3:11  Marine  
  31  3:12  Factory  
  31  3:21  Marine x2  
  31  3:22  SCV x2  
  35  3:29  Marine  
  35  3:31  Supply Depot  
  36  3:38  SCV x2  
  36  3:39  Marine  
  36  3:40  Marine  
  40  3:48  Marine  
  41  3:50  SCV x2  
  43  3:56  Factory Reactor  
  43  3:57  Starport  
  43  3:58  Marine  
  43  4:00  Marine  
  43  4:02  SCV  
  46  4:04  SCV  
  46  4:08  Supply Depot  
  47  4:10  Combat Shield  
  47  4:12  Marine  
  47  4:16  Marine  
  49  4:18  Marine  
  49  4:20  Orbital Command  
  49  4:21  SCV  
  51  4:31  Supply Depot  
  51  4:36  Marine x2  
  51  4:37  Marine  
  51  4:38  SCV  
  55  4:42  Medivac x2  
  59  4:50  SCV  
  59  4:51  SCV  
  61  4:54  Supply Depot, Marine x2  
  61  4:56  Marine  
  64  5:02  SCV  
  64  5:06  SCV  
  66  5:07  Barracks  
  66  5:08  Barracks  
  66  5:12  Marine x2  
  68  5:21  SCV x2  
  68  5:22  Marine  
  68  5:23  Liberator  
  74  5:29  Command Center  
  74  5:33  Marine  
  74  5:34  Marine  
  76  5:36  SCV x2, Refinery x2  
  78  5:52  Factory Tech Lab  
  78  5:56  Armory  
  78  5:58  Engineering Bay  
  78  5:59  Barracks Reactor  
  78  6:01  Barracks Reactor  
  78  6:34  Marine  
  78  6:36  SCV x2, Marine  
  78  6:37  Marine  
  77  6:40  Medivac  
  77  6:46  Marine x4  
  80  6:48  SCV x2  
Show
View Real Time Build Order
Export as new Build Order

IA (moyenne) Zerg 

Build Orders: 1 Base Baneling Bust, Pool Only 

Get SALT Encoding   

  12  0:01  Drone  
  13  0:12  Overlord  
  13  0:16  Drone  
  14  0:31  Drone  
  14  0:33  Drone  
  16  0:43  Spawning Pool  
  16  0:45  Drone  
  16  0:49  Drone  
  17  0:53  Extractor  
  17  0:56  Drone  
  17  1:06  Overlord  
  17  1:30  Queen  
  17  1:31  Zergling x2  
  20  1:37  Roach Warren  
  20  1:38  Drone, Extractor  
  19  1:49  Zergling x2, Drone  
  21  2:00  Drone  
  22  2:10  Overlord  
  22  2:21  Lair  
  22  2:22  Roach  
  24  2:39  Roach  
  26  2:53  Overlord  
  26  2:57  Roach  
  28  3:15  Roach  
  30  3:21  Drone  
  30  3:26  Drone  
  32  3:33  Roach  
  34  3:35  Hydralisk Den  
  34  3:39  Drone  
  34  3:46  Overlord  
  34  3:51  Drone  
  34  3:55  Drone  
  36  3:58  Drone  
  38  4:02  Drone  
  38  4:05  Hydralisk  
  40  4:12  Baneling Nest  
  40  4:13  Drone  
  40  4:19  Evolution Chamber  
  40  4:21  Drone  
  40  4:23  Hydralisk  
  42  4:41  Hydralisk  
  44  6:34  Drone  
  44  6:36  Hydralisk  
  44  6:37  Drone  
  38  6:40  Drone  
  38  6:43  Drone  
  38  6:46  Drone  
  31  6:49  Overlord x2, Drone  
  31  6:52  Drone  
  23  6:55  Drone  
  23  6:58  Drone  
  19  7:06  Spore Crawler  
Tags
 
Add a new tag
Caveats
  • Supply blocks, unpowered buildings, or Contaminate may cause inaccurate times.
  • Supply counts are checked every 10 seconds.